[Event "Early-Titled-Tuesday-Blitz-January-30-2024"]
[Site "Chess.com"]
[Date "2024.01.30"]
[Round "11"]
[White "Oleksandr_Bortnyk"]
[Black "AlmasRakhmatullaev"]
[Result "0-1"]
[WhiteElo "3099"]
[BlackElo "2988"]
[TimeControl "180+1"]
[EndTime "10:14:05 PST"]
[Termination "AlmasRakhmatullaev won by resignation"]

1. e4 e5 2. Nf3 Nf6 3. Nxe5 Nxe4 4. Bd3 Nc5 5. Be2 Nc6 6. d4 Nxe5 7. dxe5 d6 8. Bf4 Ne6 9. Bg3 d5 10. O-O Be7 11. f4 g6 12. f5 gxf5 13. Nd2 c6 14. Kh1 f4 15. Bxf4 Nxf4 16. Rxf4 Be6 17. Nb3 Qc7 18. Qd4 O-O-O 19. Bg4 c5 20. Qa4 Kb8 21.
Re1 Bg5 22. Rff1 h5 23. Bxe6 fxe6 24. Qb5 Rc8 25. Rf3 h4 26. Ref1 a6 27. Qe2 h3 28.
gxh3 Rcg8 29. Rf7 Be7 30. c4 dxc4 31. Nd2 Rxh3 32. Qe4 Rgh8 33. R1f2 Qd7 34. Qxc4 R8h7 35. Rxh7 Rxh7 36. Qe4 Rh4 37. Qg2 Qd3 38. Nf3 Re4 39.
Rd2 Qe3 40. Qf2 Qf4 41. Qg3 Qf5 42. h3 Rf4 43. Kg2 c4 44. Re2 Bc5 45. Nh4 Qf7 46. Nf3 Rf5 47. h4 Qh5 48. Re4 b5 49. Qg8+ Kc7 50.
Rg4 Rf7 51. Qg6 Qf5 52. Qxf5 Rxf5 53. Rg7+ Kc6 54. Ng5 Rxe5 55. h5 Bd4 56. h6 Re2+ 57. Kf3 Re3+ 58. Kf4 Re1 59. Rg8 Be3+ 60. Kf3 Bxg5 61.
Rxg5 Rh1 62. Rg6 Kd5 63. Ke3 a5 64. b3 c3 65. Kd3 b4 66. Rg5+ e5 67. Rg6 Rh3+ 68.
Kc2 e4 69. Ra6 Kd4 70. Rd6+ Ke3 71. Ra6 Rh2+ 72. Kc1 Ke2 73. Rxa5 Rxh6 74. Rb5 e3 75. Kc2 Rh2 76. Rxb4 Kf3+ 77. Kxc3 e2 78. Kd2 Rh1 79. Rf4+ Kxf4 80. Kxe2 Rh2+ 81. Kd3 Rxa2 82. Kd4 Kf5 83. Kd5 Kf6 84. b4 Ke7 85. Kc6 Kd8 0-1

[Event "Early-Titled-Tuesday-Blitz-January-30-2024"]
[Site "Chess.com"]
[Date "2024.01.30"]
[Round "11"]
[White "GHANDEEVAM2003"]
[Black "adotand"]
[Result "0-1"]
[WhiteElo "3033"]
[BlackElo "2847"]
[TimeControl "180+1"]
[EndTime "10:14:05 PST"]
[Termination "adotand won by resignation"]

1. b3 a5 2. Bb2 e6 3. c4 Nf6 4. g3 d5 5. Bg2 Nc6 6. Nf3 Bd6 7.
O-O O-O 8. d4 Re8 9. Nc3 dxc4 10. bxc4 e5 11. Nb5 e4 12. Ne5 Bf5 13. Qb3 a4 14. Qc2 Bxe5 15. dxe5 Nxe5 16. Rad1 Qc8 17. Bc3 e3 18. Qb2 exf2+ 19. Rxf2 Neg4 20. Rf4 Ne3 21. Bxf6 Nxd1 22. Qd4 gxf6 23. Qxd1 Ra6 24. h4 h5 25. Nc3 Kg7 26. Nd5 Re5 27. Qd4 Rd6 28. Qf2 c6 29. Ne3 Bg6 30. g4 hxg4 31. Nxg4 Rf5 32.
e4 Rxf4 33. Qxf4 Rd1+ 34. Kh2 Qd8 35. h5 Qd6 36. e5 fxe5 37. Qh6+ Kg8 38. c5 Qe6 39. Qg5 Kg7 40. hxg6 Qxg6 41. Qxe5+ f6 42. Qc7+ Qf7 43. Qf4 Qh5+ 44. Kg3 Rd3+ 45. Bf3 Qg5 46. Qc7+ Kg6 47. Qe7 f5 48. Qe6+ Kg7 49. Qe5+ Kf7 50.
Kh2 Qh4+ 51. Kg2 Rd2+ 52. Kf1 fxg4 53. Qf4+ Qf6 54. Qxd2 Qxf3+ 55. Kg1 Qg3+ 56. Kf1 Qf3+ 57. Kg1 Qd5 58. Qf4+ Ke6 59. Qxg4+ Ke5 60. Qg5+ Ke4 61. Qg2+ Kd3 62. Qf1+ Kc3 63. Qc1+ Kd4 64. Qb2+ Kc4 65. Qxb7 Qxc5+ 66. Kf1 Qb5 67. Qf7+ Kc3+ 68. Ke1 Qb1+ 69. Ke2 Qd3+ 70. Ke1 Qd2+ 71. Kf1 Qd1+ 72. Kf2 Qd5 73.
Qf6+ Qd4+ 74. Qxd4+ Kxd4 75. Ke2 Kc3 76. Ke3 c5 77.
Ke4 c4 78. Ke3 Kb2 0-1

[Event "Early-Titled-Tuesday-Blitz-January-30-2024"]
[Site "Chess.com"]
[Date "2024.01.30"]
[Round "11"]
[White "FairChess_on_YouTube"]
[Black "SantoBlue"]
[Result "0-1"]
[WhiteElo "3084"]
[BlackElo "2982"]
[TimeControl "180+1"]
[EndTime "10:14:10 PST"]
[Termination "SantoBlue won on time"]

1. c4 Nf6 2. Nc3 d6 3. g3 g6 4. Bg2 Bg7 5. Nf3 O-O 6. O-O c6 7. d3 e5 8. Rb1 a5 9. a3 h6 10. b4 axb4 11. axb4 Be6 12. b5 Nbd7 13.
Nd2 Qc7 14. Qc2 Nh7 15. Bb2 Nc5 16. Nde4 Nxe4 17. Bxe4 Ng5 18. Bg2 Bh3 19. Bc1 Bxg2 20. Kxg2 Ne6 21. Qb2 e4 22. dxe4 cxb5 23. Nxb5 Qxc4 24.
Qb4 Qxe2 25. Re1 Qc2 26. Na3 Qc6 27. Qxb7 Qc3 28. Re3 Qc5 29. Qd5 Rab8 30. Qxc5 dxc5 31. Reb3 Rbd8 32. Be3 Rfe8 33. Rb7 Nd4 34. Rc7 Rxe4 35.
Rxc5 Nf5 36. Nc2 Bf8 37. Rc3 Bg7 38. Rc6 h5 39. Re1 Rde8 40. Kf3 h4 41. Kg2 Ne7 42. Rd6 hxg3 43. hxg3 Nf5 44. Rd3 Bf6 45. Red1 Kg7 46. Bf4 Rc4 47. Ne3 Nxe3+ 48. Rxe3 Ra8 49. Rf3 g5 50. Be3 Ra6 51. Rd7 Kg6 52. Bd2 Re6 53. Rfd3 Re2 54. Be3 Rcc2 55. Kf3 Re1 56. R3d6 Rc3 57.
Ra6 Rd3 58. Rc7 Rd5 59. Rcc6 Rf5+ 60. Kg4 Rd1 61. Rcb6 Rdd5 62. Rb7 Rde5 63. Raa7 Re4+ 64.
Kh3 g4+ 65. Kg2 Bg5 66. Rb6+ Rf6 67. Rxf6+ Kxf6 68. Ra6+ Re6 69. Bxg5+ Kxg5 70. Rxe6 fxe6 71. Kf1 Kf5 72. Ke1 Ke4 73. Ke2 e5 74. f3+ gxf3+ 75. Kf2 Kd3 76. g4 e4 77. g5 e3+ 78. Kxf3 e2 79. g6 e1=Q 80. g7 Qe6 81. g8=Q Qxg8 0-1

[Event "Early-Titled-Tuesday-Blitz-January-30-2024"]
[Site "Chess.com"]
[Date "2024.01.30"]
[Round "11"]
[White "Attacks_Hurricane"]
[Black "LastHeroJr"]
[Result "0-1"]
[WhiteElo "2291"]
[BlackElo "2500"]
[TimeControl "180+1"]
[EndTime "10:14:23 PST"]
[Termination "LastHeroJr won by checkmate"]

1. e4 d6 2. d4 g6 3. Nc3 a6 4.
f4 b5 5. Nf3 Bb7 6. Bd3 Bg7 7.
O-O Nf6 8. e5 Nd5 9. Nxd5 Bxd5 10. c3 O-O 11. Be3 Nd7 12. Qd2 Qc8 13. Qf2 Qb7 14.
Qg3 c5 15. Ng5 cxd4 16. cxd4 e6 17. Rf2 Rac8 18. Qh4 h6 19. Nf3 Be4 20. Be2 Nb6 21. f5 exf5 22. Bxh6 Bxf3 23. Bxf3 Qc7 24. Bxg7 Kxg7 25.
Qf6+ Kh7 26. Bb7 Qd8 27. Bxc8 Qxf6 28. exf6 Rxc8 29. Re1 Nd5 30. g4 fxg4 31. Re4 g5 32.
Rxg4 Kg6 33. h4 Rc1+ 34. Kg2 Ne3+ 35. Kg3 Nxg4 36. Kxg4 gxh4 37. Kxh4 Rd1 38. Rf4 Rd2 39. b4 Rxa2 40. Kg4 Rb2 41. Kf3 Rb3+ 42. Ke4 Rxb4 43. Kd5 a5 44. Kxd6 a4 45. Kc5 Rb2 46. d5 a3 47. d6 a2 48. d7 Rd2 49. Rg4+ Kxf6 50. Rg1 Rxd7 51. Ra1 Rc7+ 52. Kxb5 Ra7 53. Kc4 Ra8 54. Kd3 Ke5 55. Ke3 f5 56. Kd3 Ra3+ 57.
Kc2 f4 58. Kb2 Ra7 59. Re1+ Kf5 60. Ka1 f3 61. Rc1 Kf4 62. Rf1 Ke3 63. Rc1 f2 64.
Rc3+ Ke2 65. Rc2+ Kf3 66. Rc3+ Kg2 67. Rc2 Re7 68. Kxa2 Kg1 69. Rc8 f1=Q 70. Rg8+ Qg2+ 71. Rxg2+ Kxg2 72. Ka3 Kf3 73. Ka4 Ke4 74. Ka5 Rd7 75. Ka4 Kd5 76. Ka5 Rc7 77. Ka4 Kc4 78. Ka3 Kc3 79.
Ka4 Rc5 80. Ka3 Ra5# 0-1

[Event "Early-Titled-Tuesday-Blitz-January-30-2024"]
[Site "Chess.com"]
[Date "2024.01.30"]
[Round "11"]
[White "Preobrazhenska_D2011"]
[Black "MBA_CHESS_2021"]
[Result "0-1"]
[WhiteElo "2358"]
[BlackElo "2254"]
[TimeControl "180+1"]
[EndTime "10:14:38 PST"]
[Termination "MBA_CHESS_2021 won by resignation"]

1. e4 c5 2. Nf3 Nc6 3. Bb5 g6 4. Bxc6 dxc6 5. O-O Bg7 6. d3 Nf6 7. Re1 O-O 8. h3 b6 9. e5 Nd5 10. Nbd2 Nc7 11. Ne4 Ne6 12. c3 Qc7 13. Ng3 Ba6 14.
Be3 Rad8 15. d4 cxd4 16. cxd4 Bc4 17. Rc1 Bd5 18. Ng5 Nxg5 19. Bxg5 h6 20. Bf4 g5 21. Be3 Qd7 22. Qc2 Qe6 23. b3 Rfe8 24. Nf5 Bf8 25. f4 Qg6 26. fxg5 hxg5 27. Rf1 g4 28. h4 e6 29. Ng3 Qxc2 30. Rxc2 Rc8 31. Rf4 Kh7 32. Rxg4 Be7 33. Nh5 Rg8 34. Bg5 Bxg5 35. hxg5 Kg6 36. Nf6 Rh8 37. Rf2 Rcd8 38. Rg3 Rh4 39. Nxd5 Rxd5 40. Rf6+ Kg7 41. g6 fxg6 42. Rgxg6+ Kh7 43. Rxe6 Rhxd4 44. Rgf6 Rd7 45. Re8 Rg7 46. Rff8 Rdg4 47. Rh8+ Kg6 48. Kf2 Kf5 49. Rhf8+ Ke4 50. e6 Rxg2+ 51.
Kf1 Rg1+ 52. Ke2 Ra1 53. e7 Rxa2+ 54. Kf1 Ra1+ 55. Kf2 Ra2+ 56. Kf1 Rh7 57. Rg8 Rh1+ 58. Rg1 Ra1+ 59. Kf2 Rhxg1 60. Rd8 Raf1+ 61. Ke2 Re1+ 62. Kf2 Rgf1+ 63. Kg2 Rg1+ 64. Kf2 Kf5 65. e8=Q Rxe8 66. Rxe8 Rb1 67. Re7 Rxb3 68. Rxa7 Ke4 69. Ke2 Rb2+ 70. Kd1 c5 71. Rd7 b5 72. Kc1 Rb3 73. Kc2 c4 74.
Rc7 Kd5 75. Rc8 Kd4 76. Rd8+ Kc5 77. Rc8+ Kb4 78. Rc7 Rh3 79. Rc8 Rh2+ 80. Kb1 Kb3 81. Kc1 c3 82. Kd1 c2+ 83. Ke1 Rh1+ 84. Kd2 Rd1+ 85.
Ke2 c1=Q 86. Rxc1 Rxc1 87. Kd2 Rc3 88. Ke2 Kc4 89. Kd2 b4 0-1

[Event "Early-Titled-Tuesday-Blitz-January-30-2024"]
[Site "Chess.com"]
[Date "2024.01.30"]
[Round "11"]
[White "alvarorodriguezavila"]
[Black "deribas12345"]
[Result "1/2-1/2"]
[WhiteElo "2371"]
[BlackElo "2497"]
[TimeControl "180+1"]
[EndTime "10:14:46 PST"]
[Termination "Game drawn by repetition"]

1. e4 e6 2. d4 d5 3. e5 c5 4. c3 Qa5 5. dxc5 Nc6 6. Nf3 Qc7 7. Bb5 Bxc5 8. O-O Ne7 9. Qe2 Bd7 10. Nbd2 h6 11.
Nb3 Bb6 12. Re1 O-O-O 13. a4 a5 14. Be3 Bxe3 15. Qxe3 Nf5 16. Qc5 b6 17. Qa3 Kb8 18.
Bxc6 Bxc6 19. Nbd4 Nxd4 20. Nxd4 Rc8 21. b4 Bb7 22.
Nb5 Qe7 23. Nd6 Rhd8 24. bxa5 bxa5 25. Nxc8 Qxa3 26. Rxa3 Rxc8 27. Rb1 Ka7 28. f3 Ba6 29. Kf2 Rc4 30. Rd1 Bb7 31. Rd4 Rc5 32. Ke3 f6 33. f4 Rc7 34. Rd1 Rc4 35. g3 Re4+ 36. Kd3 fxe5 37. fxe5 Rxe5 38. Kd4 Re4+ 39. Kc5 e5 40. Kb5 Re3 41. Rda1 e4 42. Kxa5 Rd3 43. Kb4 e3 44. Re1 Ba6 45. Ra2 d4 46. cxd4 Rxd4+ 47. Kc3 Rd3+ 48. Kc2 Rd2+ 49. Kb1 Rd3 50. Kc1 Rc3+ 51.
Rc2 Ra3 52. Rc7+ Kb6 53. Re7 e2 54. Kd2 Rxa4 55. R7xe2 Bxe2 56. Rxe2 Kc5 57. Ke3 Kd5 58. Kf2 g6 59. Kg2 g5 60. Rd2+ Ke5 61. h3 Kf5 62.
Re2 Ra3 63. Rf2+ Kg6 64. Rc2 g4 65. hxg4 Ra1 66. Rc5 Ra2+ 67. Kf3 Ra3+ 68. Kg2 Ra2+ 69. Kh3 Ra1 70. Rc6+ Kg5 71. Rc5+ Kg6 72. Rc6+ Kg7 73. Rc7+ Kf6 74. Rc6+ Kg5 75. Rc5+ Kf6 76. Rc6+ Kg7 77.
Rc7+ Kg8 78. g5 h5 79. g6 Ra6 80. g7 Ra4 81. Rd7 Rb4 82. Re7 Rc4 83. Re5 Kxg7 84. Rxh5 Kg6 85. Ra5 Rc1 86. Kg4 Rc4+ 87. Kh3 Rc3 88. Kh4 Rc1 89. Ra6+ Kg7 90. g4 Rc5 91. g5 Rc1 92. Kh5 Rh1+ 93. Kg4 Rg1+ 94. Kh5 Rh1+ 95. Kg4 Rg1+ 96. Kf4 Rf1+ 97. Ke3 Re1+ 98.
Kf4 Rf1+ 99. Kg3 Rg1+ 100. Kh4 Rh1+ 101. Kg3 Rg1+ 102. Kf4 Rf1+ 1/2-1/2

[Event "Early-Titled-Tuesday-Blitz-January-30-2024"]
[Site "Chess.com"]
[Date "2024.01.30"]
[Round "11"]
[White "DavidGavrilescu18"]
[Black "hakanazeri2"]
[Result "0-1"]
[WhiteElo "2776"]
[BlackElo "2633"]
[TimeControl "180+1"]
[EndTime "10:15:19 PST"]
[Termination "hakanazeri2 won by checkmate"]

1. Nf3 d5 2. Rg1 Nc6 3. d4 Bg4 4. c4 e6 5. Nc3 Nf6 6. h3 Bh5 7. g4 Bg6 8. h4 Nb4 9. h5 Bc2 10. Qd2 Ne4 11. Qe3 Ba4 12. Qf4 Nc2+ 13. Kd1 Ne3+ 14.
Ke1 Nc2+ 15. Kd1 Nxc3+ 16. bxc3 Nxa1+ 17. Kd2 Bd6 18. Qe3 Qe7 19. c5 Nc2 20. Qd3 Bf4+ 21. e3 Bg5 22. c6 bxc6 23. Qa6 Qf6 24. Be2 Bb5 25. Bxb5 cxb5 26. Rg3 O-O 27. Kxc2 Bh4 28. Rh3 Bxf2 29. e4 dxe4 30. Bg5 Qxf3 31. Rxf3 exf3 32.
Qc6 f6 33. Bd2 b4 34. Qxf3 bxc3 35. Bxc3 Bh4 36. Qc6 Rfe8 37. Kd3 Bg5 38. Qxc7 f5 39. gxf5 exf5 40. d5 Re7 41. Qc4 Rd8 42. d6+ Rf7 43. Be5 Bf6 44. Bxf6 gxf6 45. Qe6 Kg7 46. Ke3 Rfd7 47.
h6+ Kg6 48. Kf4 Rxd6 49. Qxf5+ Kxh6 50. Qh3+ Kg7 51. Qg2+ Kf8 52. Qb7 R8d7 53. Qc8+ Kg7 54. Qc1 Rd4+ 55. Kf3 Rd3+ 56. Kf4 R7d4+ 57. Kf5 Rf3+ 58.
Ke6 Re4+ 59. Kd5 Re5+ 60. Kd4 Rfe3 61. Qg1+ Kf7 62. Qh1 R3e4+ 63. Kd3 h5 64. Qb1 a5 65. Qb7+ Kg6 66. Qa8 h4 67. Qg8+ Kh5 68. Qh7+ Kg5 69. Qg7+ Kf5 70. Qh7+ Kg4 71. Qg6+ Kh3 72. Qxf6 Re3+ 73.
Kd4 R5e4+ 74. Kd5 Rg4 75. Qf1+ Rg2 76. Kd4 Rg3 77. Qf6 a4 78. Kc5 a3 79. Kb4 Rxa2 80.
Qe6+ Rg4+ 81. Kb3 Rg2 82. Kxa3 Kh2 83. Qe5+ R4g3+ 84. Kb4 h3 85. Kc5 Rf2 86. Kd6 Kg2 87.
Qe4+ Rgf3 88. Qg4+ Kf1 89. Qc4+ Kg1 90. Qg4+ Kh1 91. Qe4 h2 92. Qe1+ Kg2 93. Qe4 h1=Q 94. Qg4+ Kf1 95. Qc4+ Re2 96. Qc1+ Kg2 97. Qg5+ Kf2 98.
Qc5+ Rfe3 99. Qf5+ Qf3 100. Qg5 Rd3+ 101. Kc5 Qe3+ 102. Qxe3+ Rexe3 103. Kc4 Ke2 104. Kb4 Kd2 105. Kc4 Kc2 106. Kb4 Re4+ 107. Kc5 Kc3 108. Kb5 Rd5+ 109. Kc6 Kc4 110. Kb6 Re6+ 111. Kc7 Rh5 112. Kb7 Rh7+ 113. Kc8 Re8# 0-1

[Event "Early-Titled-Tuesday-Blitz-January-30-2024"]
[Site "Chess.com"]
[Date "2024.01.30"]
[Round "11"]
[White "Jospem"]
[Black "amintabatabaei"]
[Result "1/2-1/2"]
[WhiteElo "3067"]
[BlackElo "2959"]
[TimeControl "180+1"]
[EndTime "10:16:08 PST"]
[Termination "Game drawn by 50-move rule"]

1. e4 e5 2. Nf3 Nc6 3. Nc3 Nf6 4. h3 Bb4 5. a3 Bxc3 6. dxc3 Nxe4 7. Nxe5 Nxe5 8. Qd4 O-O 9. Qxe4 d5 10.
Qa4 Re8 11. Be3 Nc4 12. Bxc4 dxc4 13. Qxc4 Bf5 14. Rd1 Qf6 15. Rd2 Qg6 16. Kf1 Be4 17. Rg1 Rad8 18. Rxd8 Rxd8 19. f3 Rd1+ 20. Kf2 Rxg1 21.
Kxg1 Bxf3 22. Qf1 Bd5 23. Qf2 a6 24. Bf4 c6 25. b3 h6 26. c4 Be4 27. c3 Kh7 28. c5 Bd5 29. b4 Qe4 30. Kh2 g5 31. Bd6 f5 32. h4 Kg6 33. hxg5 hxg5 34. Qb2 Qh4+ 35. Kg1 Qe1+ 36. Kh2 f4 37. c4 Be4 38. Be5 Kf5 39. Bd4 Kg4 40. Qf2 Qd1 41. Be5 Kf5 42.
Bd6 Qg4 43. Kg1 Qd1+ 44. Kh2 Qc1 45. Qd4 Qc2 46. Qe5+ Kg4 47. Qe6+ Kh5 48. Qe8+ Kg4 49. Qe6+ Bf5 50. Qh6 Qd3 51. Be7 Qg3+ 52. Kh1 Qe1+ 53. Kh2 Qg3+ 54. Kh1 Qh4+ 55. Qxh4+ Kxh4 56. Kg1 Bd3 57. Kf2 Bxc4 58. Bd6 Kg4 59. g3 fxg3+ 60. Bxg3 Kf5 61. Bc7 Ke4 62. Kg3 Be6 63. Bd8 g4 64.
Bb6 Kd5 65. Kf4 Kc4 66. a4 Kxb4 67. a5 Kb5 68. Kg3 Kc4 69. Kf4 Kd5 70. Kg3 Ke5 71. Bc7+ Kf5 72. Bb6 Bc8 73. Bc7 b5 74. cxb6 c5 75.
Bd6 c4 76. Bb4 Ke4 77. b7 Bxb7 78. Kxg4 Kd3 79. Kf4 c3 80. Ba3 c2 81. Ke5 Kd2 82.
Kd4 c1=Q 83. Bxc1+ Kxc1 84. Kc3 Bd5 85. Kd4 Bf7 86.
Kc5 Kb2 87. Kb4 Bb3 88. Kc5 Kc3 89. Kb6 Bc4 90. Kc5 Bd3 91. Kd5 Bf1 92. Ke4 Kb4 93. Ke3 Kc3 94. Kf2 Bc4 95. Ke3 Bd3 96. Kf2 Bc4 97. Ke3 Bb5 98. Ke4 Kb4 99. Ke3 Kb3 100. Kd2 Kb2 101. Kd1 Bd3 102. Kd2 Bc2 103. Ke1 Kc3 104.
Ke2 Bb3 105. Ke3 Bd1 106. Ke4 Bc2+ 107. Ke3 Bf5 108. Ke2 Kc2 109. Ke3 Bg6 110. Ke2 Bh7 111. Ke3 Bd3 112. Kd4 Kd2 113. Kc5 Kc3 114. Kd5 Bc2 115. Ke5 Kc4 116. Kf4 Kd4 117. Kf3 Bd3 118. Kf2 Kc3 119. Ke1 Kc2 120. Kf2 Kd2 121. Kf3 Bf1 122. Ke4 Kc3 123. Ke3 Bd3 124. Kf4 Kb4 125. Ke3 Bg6 126. Kd2 Kb3 127. Kc1 Bf5 128. Kd2 Kb2 129. Ke3 Kc3 130. Ke2 Bc2 131. Ke3 Bd1 132. Ke4 Bh5 133. Ke3 Bg6 1/2-1/2